 Dungeon Crawl Stone Soup version 0.22-a0-135-g6f012ad (webtiles) character file.

2887 Lathuz the Fighter (level 9, -8/63 HPs)
             Began as a Gargoyle Fighter on Jan 31, 2018.
             Was a Believer of Okawaru.
             Mangled by a two-headed ogre
             ... wielding a cursed -2 giant club
              (22 damage)
             ... on level 8 of the Dungeon.
             The game lasted 00:17:31 (8463 turns).

Lathuz the Fighter (Gargoyle Fighter)               Turns: 8463, Time: 00:17:31

Health: -8/63      AC: 20    Str: 21    XL:     9   Next: 77%
Magic:  8/9        EV:  9    Int:  8    God:    Okawaru [**....]
Gold:   303        SH: 11    Dex: 12    Spells: 8/8 levels left

rFire    . . .     SeeInvis .   q - +1 whip (pain)
rCold    . . .     Gourm    +   c - +0 shield
rNeg     + . .     Faith    .   p - +0 chain mail
rPois    ∞         Spirit   .   (no helmet)
rElec    +         Reflect  .   (no cloak)
rCorr    +         Harm     .   t - +2 pair of gloves
MR       .....                  (no boots)
Stlth    ..........             o - amulet of the gourmand
HPRegen  0.20/turn              g - ring of resist corrosion
MPRegen  0.11/turn              (no ring)

@: heroism
A: negative energy resistance 1, electricity resistance, unbreathing,
petrification resistance, rot immunity, AC +6
a: Heroism, Renounce Religion


You were on level 8 of the Dungeon.
You worshipped Okawaru.
Okawaru was pleased with you.
You were completely stuffed.

You visited 2 branches of the dungeon, and saw 9 of its levels.

You collected 303 gold pieces.

Inventory:

Hand Weapons
 a - a +0 flail
 q - a +1 whip of pain (weapon)
Missiles
 h - 3 javelins
 i - 296 stones
 z - 9 tomahawks (quivered)
Armour
 c - a +0 shield (worn)
 e - a +0 pair of gloves
 p - a +0 chain mail (worn)
 t - a +2 pair of gloves (worn)
Jewellery
 g - a ring of resist corrosion (left hand)
 o - an amulet of the gourmand (around neck)
 A - an uncursed ring of fire
Wands
 y - a wand of polymorph (16)
 C - a wand of flame (29)
Scrolls
 b - 2 scrolls of fear {unknown}
 k - a scroll of magic mapping {unknown}
 m - 4 scrolls of remove curse {unknown}
 n - 3 scrolls of identify
 s - 2 scrolls of teleportation
 w - a scroll of immolation {unknown}
 D - a scroll of enchant weapon {unknown}
 E - a scroll of fog {unknown}
 F - a scroll of random uselessness {unknown}
Potions
 d - 2 potions of might
 l - 3 potions of flight
 r - a potion of degeneration {unknown}
 u - a potion of heal wounds {unknown}
 v - 2 potions of brilliance {unknown}
 x - a potion of cancellation {unknown}
 B - a potion of haste {unknown}
 G - a potion of curing
Comestibles
 f - 22 rations


   Skills:
 + Level 10.6(15.6) Fighting
 + Level 9.5(14.5) Maces & Flails
 - Level 3.2(8.2) Armour
 - Level 3.2(8.2) Shields


You had 8 spell levels left.
You didn't know any spells.

Dungeon Overview and Level Annotations

Branches:
Dungeon (8/15)             Temple (1/1) D:6
   Lair: D:8-11

Altars:
Ashenzari
Dithmenos
Elyvilon
Fedhas
Gozag
Hepliaklqana
Kikubaaqudgha
Makhleb
Nemelex Xobeh
Okawaru
Qazlal
Ru
Sif Muna
Trog
Uskayaw
Vehumet
Wu Jian
Xom
Yredelemnul
Zin
The Shining One

Annotations:
D:8 Prince Ribbit


Innate Abilities, Weirdness & Mutations

You are resistant to torment.
Your stone body is resilient. (AC +6)
You are immune to poison.
You resist negative energy. (rN+)
You are resistant to electric shocks. (rElec)
You can survive without breathing.
You are immune to petrification.
You are immune to rotting.


Message History

You whack the two-headed ogre!
The two-headed ogre is moderately wounded.
You hit the two-headed ogre but do no damage.
The two-headed ogre is moderately wounded.
The two-headed ogre hits you with a giant club! x2
* * * LOW HITPOINT WARNING * * *
You hit the two-headed ogre.
The two-headed ogre is moderately wounded.
You hit the two-headed ogre.
The two-headed ogre is moderately wounded.
You block the two-headed ogre's attack. The two-headed ogre closely misses you.
You hit the two-headed ogre.
The two-headed ogre is moderately wounded.
You hit the two-headed ogre.
The two-headed ogre is heavily wounded.
You hit the two-headed ogre.
The two-headed ogre is heavily wounded.
The two-headed ogre barely misses you.
The two-headed ogre hits you with a giant club!!
You die...

####### # ....)#
.## # ##.#.##
....
##.##.....##...#
#.............#
#.##..O..#####
##@#.## #)#.#
##.#.# #....###.#
#........#
######....#####
........#.#######
..............y..
........#.######.


You could see a two-headed ogre.

Vanquished Creatures
  The ghost of Klosterheim the Chiller, a novice DrIE of Vehumet (D:6)
  2 sky beasts
  An ice beast (D:6)
  A necrophage (D:7)
  3 centaurs
  4 ogres
  An elf zombie (D:4)
  3 bullfrogs
  A wyvern zombie (D:7)
  2 elf skeletons (D:4)
  A scorpion (D:6)
  4 killer bees (D:7)
  2 howler monkeys (D:6)
  2 jellies
  2 hounds
  3 orc priests
  A centaur skeleton (D:5)
  A human zombie (D:4)
  8 orc wizards
  3 worker ants
  A human skeleton (D:4)
  4 iguanas
  A hound skeleton (D:4)
  Robin (D:2)
  6 adders
  An adder skeleton (D:7)
  5 worms
  5 dart slugs
  7 leopard geckos
  23 orcs
  9 giant cockroaches
  14 goblins
  10 hobgoblins
  3 jackals (D:6)
  14 kobolds
  3 quokkas
  8 bats
  5 frilled lizards
  A jackal skeleton (D:2)
  A leopard gecko skeleton (D:4)
  An orc skeleton (D:4)
  10 rats
  3 bushes (D:3)
  2 plants (D:3)
184 creatures vanquished.

Notes
Turn   | Place    | Note
-------+----------+-------------------------------------------
     0 | D:1      | Lathuz the Gargoyle Fighter began the quest for the Orb.
     0 | D:1      | Reached XP level 1. HP: 14/14 MP: 1/1
    73 | D:1      | Reached XP level 2. HP: 19/19 MP: 2/2
   490 | D:1      | Reached skill level 4 in Fighting
   490 | D:1      | Reached XP level 3. HP: 24/24 MP: 3/3
  1294 | D:2      | Reached XP level 4. HP: 30/30 MP: 4/4
  1669 | D:2      | Noticed Robin
  1679 | D:2      | Killed Robin
  1679 | D:2      | Reached XP level 5. HP: 32/34 MP: 5/5
  1896 | D:3      | Reached skill level 5 in Fighting
  2380 | D:3      | Found a faded altar of an unknown god.
  2437 | D:3      | Reached XP level 6. HP: 34/40 MP: 6/6
  3691 | D:4      | Reached skill level 6 in Fighting
  3691 | D:4      | Reached skill level 5 in Maces & Flails
  3844 | D:4      | Reached XP level 7. HP: 47/47 MP: 7/7
  4172 | D:4      | Found a burning altar of Makhleb.
  4246 | D:5      | Entered Level 5 of the Dungeon
  4757 | D:5      | Reached skill level 7 in Fighting
  5079 | D:5      | Reached XP level 8. HP: 53/53 MP: 8/8
  5239 | D:5      | Found a basalt altar of Yredelemnul.
  5240 | D:5      | Found a deep blue altar of Sif Muna.
  5355 | D:6      | Found a staircase to the Ecumenical Temple.
  5359 | D:6      | Noticed Klosterheim's ghost (novice DrIE)
  5600 | D:7      | Reached skill level 8 in Fighting
  5709 | D:6      | Killed Klosterheim's ghost
  5715 | Temple   | Entered the Ecumenical Temple
  6083 | Temple   | Became a worshipper of Warmaster Okawaru
  6362 | D:6      | Reached skill level 9 in Fighting
  6568 | D:6      | Reached XP level 9. HP: 53/60 MP: 9/9
  7021 | D:6      | Found a blossoming altar of Fedhas.
  7188 | D:6      | Reached * piety under Okawaru
  7746 | D:7      | Reached skill level 10 in Fighting
  8078 | D:8      | Noticed Prince Ribbit
  8194 | D:8      | Noticed a two-headed ogre
  8240 | D:7      | Reached ** piety under Okawaru
  8463 | D:8      | Mangled by a two-headed ogre

Vault maps used:
D:1:      evilmike_arrival_hilbert_curve
D:2:      minmay_mini_jars, uniq_robin
D:3:      serial_forest, infiniplex_forest_end_1, infiniplex_forest_lined_1,
          infiniplex_forest_lined_4_way, infiniplex_forest_clump_double,
          infiniplex_forest_lined_4_way, infiniplex_forest_clump_double,
          infiniplex_forest_clump_double, infiniplex_forest_lined_room_3,
          infiniplex_forest_lined_room_3, infiniplex_forest_lined_room_2,
          chequers_ecumenical_altar_simple_redux, lexackson_kobold_supper
D:4:      lightli_temple_of_fire, nicolae_ossuary_entry_catacombs, first_ration,
          minmay_liquid_box
D:5:      gammafunk_temple_overflow_statue
D:6:      minmay_temple_entry_glass, minmay_misc_feat_rugged,
          grunt_ministairs_1, fedhas_altar_fruit_tree
D:7:      grunt_ogre_cave, minmay_hedge_maze
D:8:      uniq_prince_ribbit1
Temple:   compressed_dpeg_circular_temple

Skill      XL: |  1  2  3  4  5  6  7  8  9 |
---------------+----------------------------+-----
Fighting       | 4 5 6 7 9 10 | 10.6
Maces & Flails | 3 4 5 6 8 9 |  9.5
Armour         | |  3.2
Shields        | |  3.2

Action                   |  1- 3 |  4- 6 |  7- 9 || total
-------------------------+-------+-------+-------++-------
Melee: Flail             |   117 |   417 |       ||   534
       Whip              |       |    88 |   579 ||   667
Throw: Tomahawk          |    52 |    51 |   100 ||   203
       Stone             |    12 |       |    29 ||    41
       Javelin           |       |     1 |     8 ||     9
Invok: Heroism           |       |       |     1 ||     1
  Use: Scroll            |       |     2 |     2 ||     4
       Potion            |       |       |     3 ||     3
  Eat: Chunk             |     9 |    16 |    16 ||    41
Armor: Scale mail        |    51 |    21 |       ||    72
       Chain mail        |       |   123 |   248 ||   371
Dodge: Dodged            |    32 |    52 |    88 ||   172
Block: Shield            |    51 |   108 |   213 ||   372

Table legend:
 A = Spawn XP
 B = Non-spawn XP
 C = Spawn XP percentage of total XP
 D = Spawn monster count
 E = Non-spawn monster count
 F = Spawn count percentage of total count
 G = Total turns spent on level
                    A         B        C        D         E        F      G
               +---------+---------+-------+---------+---------+-------+---------
         Total |       0 |    4125 |   0.0 |       0 |     179 |   0.0 |  8463
               +---------+---------+-------+---------+---------+-------+---------
           D:1 |       0 |      55 |   0.0 |       0 |      28 |   0.0 |   733
           D:2 |       0 |     125 |   0.0 |       0 |      47 |   0.0 |  1147
           D:3 |       0 |     161 |   0.0 |       0 |      22 |   0.0 |  1150
           D:4 |       0 |     454 |   0.0 |       0 |      16 |   0.0 |  1216
           D:5 |       0 |     436 |   0.0 |       0 |      12 |   0.0 |  1058
           D:6 |       0 |    1483 |   0.0 |       0 |      31 |   0.0 |  1363
           D:7 |       0 |    1132 |   0.0 |       0 |      19 |   0.0 |  1267
           D:8 |       0 |     279 |   0.0 |       0 |       4 |   0.0 |   148
               +---------+---------+-------+---------+---------+-------+---------
